[Event "Moscow ch-T 2018"]
[Site "Moscow"]
[Date "2018.09.22"]
[Round "2"]
[White "Elistratov, Semen"]
[Black "Korchagina, Alena"]
[Result "1-0"]
[ECO "A06"]
[WhiteElo "2400"]
[BlackElo "2191"]
[Annotator "ChessBase"]
[PlyCount "105"]
[EventDate "2018.09.20"]
[EventType "team-tourn"]
[EventCountry "RUS"]
[SourceTitle "playchess.com"]
[Source "ChessBase"]
[SourceQuality "1"]
[TimeControl "5400+30"]

1. Nf3 d5 2. g3 Nf6 3. Bg2 Bf5 4. O-O h6 5. c4 c6 6. d3 e6 7. cxd5 exd5 8. Nc3 Bc5 9. Qb3 Qc8 10. e4 dxe4 11. dxe4 Be6 12. Qc2 Na6 13. Ne2 O-O 14. Nf4 Re8 15. a3 Bg4 16. h3 Bxf3 17. Bxf3 Bf8 18. b4 g5 19. Nh5 Nxh5 20. Bg4 Qd8 21. Bxh5 Bg7 22. Rb1 Nc7 23. Bf3 Ne6 24. Bg2 Nd4 25. Qc4 Qe7 26. f4 gxf4 27. gxf4 b5 28. Qd3 c5 29. bxc5 Qxc5 30. Kh1 Qc4 31. Qe3 Nf5 32. Qf2 Nd4 33. Bb2 Rad8 34. Rbc1 Qa4 35. Rc3 Kh8 36. Rg3 Rg8 37. Rd3 Ne6 38. Rxd8 Nxd8 39. Bxg7+ Rxg7 40. Qd2 Ne6 41. f5 Ng5 42. e5 Qh4 43. Qe3 Qc4 44. Rc1 Qa2 45. h4 Nh7 46. Rc8+ Rg8 47. Rxg8+ Kxg8 48. Qg3+ Kf8 49. Kh2 Qc2 50. Qf4 Ke8 51. e6 fxe6 52. fxe6 Qg6 53. Qd6 1-0

[Event "Moscow ch-T 2018"]
[Site "Moscow"]
[Date "2018.09.22"]
[Round "2"]
[White "Pogosyan, Stefan"]
[Black "Tsvetkov, Andrey"]
[Result "1/2-1/2"]
[ECO "D43"]
[WhiteElo "2373"]
[BlackElo "2264"]
[Annotator "ChessBase"]
[PlyCount "69"]
[EventDate "2018.09.20"]
[EventType "team-tourn"]
[EventCountry "RUS"]
[SourceTitle "playchess.com"]
[Source "ChessBase"]
[SourceQuality "1"]
[TimeControl "5400+30"]

1. d4 d5 2. c4 e6 3. Nc3 c6 4. Nf3 Nf6 5. Qb3 dxc4 6. Qxc4 b5 7. Qb3 a6 8. Bg5 c5 9. dxc5 Bxc5 10. a4 Qa5 11. Bxf6 gxf6 12. Rc1 bxa4 13. Qxa4+ Qxa4 14. Nxa4 Bb4+ 15. Nd2 Nd7 16. e3 Ke7 17. Be2 Bb7 18. Bf3 Bxf3 19. gxf3 Rab8 20. Ke2 Bxd2 21. Kxd2 Rb4 22. Ra1 Ne5 23. f4 Rd8+ 24. Ke2 Nc4 25. Rhc1 Nxb2 26. Nc5 Nc4 27. Nd3 Rb3 28. Rxc4 Rbxd3 29. Rxa6 f5 30. Kf3 Rd2 31. h4 Kf6 32. Ra7 R8d7 33. Rxd7 Rxd7 34. Rc8 Rd1 35. Kg2 {Ke5} 1/2-1/2

[Event "Moscow ch-T 2018"]
[Site "Moscow"]
[Date "2018.09.22"]
[Round "2"]
[White "Maltsevskaya, Aleksandra"]
[Black "Gorbatov, Alexej"]
[Result "1/2-1/2"]
[ECO "C42"]
[WhiteElo "2234"]
[BlackElo "2389"]
[Annotator "ChessBase"]
[PlyCount "70"]
[EventDate "2018.09.20"]
[EventType "team-tourn"]
[EventCountry "RUS"]
[SourceTitle "playchess.com"]
[Source "ChessBase"]
[SourceQuality "1"]
[TimeControl "5400+30"]

1. e4 e5 2. Nf3 Nf6 3. Nxe5 d6 4. Nf3 Nxe4 5. Nc3 Nf6 6. d4 Be7 7. h3 O-O 8. Bd3 c5 9. O-O Nc6 10. Re1 h6 11. d5 Nb4 12. Bc4 Bf5 13. Bb3 Re8 14. Nd2 Rb8 15. a3 Na6 16. a4 Nb4 17. Nc4 Bf8 18. Rxe8 Nxe8 19. Ne2 Nf6 20. Ng3 Bg6 21. Ne3 Qd7 22. Bd2 Na6 23. Qf3 Re8 24. a5 Qc8 25. Bc3 Ne4 26. Nxe4 Rxe4 27. Bc4 Re8 28. Bb5 Rd8 29. Ng4 Qf5 30. Qg3 Nb4 31. Ne3 Qc8 32. h4 h5 33. Qf3 Nxc2 34. Nxc2 Bxc2 35. Qxh5 Qf5 1/2-1/2

[Event "Moscow ch-T 2018"]
[Site "Moscow"]
[Date "2018.09.22"]
[Round "2"]
[White "Drozdova,, Dina"]
[Black "Kukhmazov, Arsen"]
[Result "0-1"]
[ECO "E18"]
[WhiteElo "2183"]
[BlackElo "2395"]
[Annotator "ChessBase"]
[PlyCount "100"]
[EventDate "2018.09.20"]
[EventType "team-tourn"]
[EventCountry "RUS"]
[SourceTitle "playchess.com"]
[Source "ChessBase"]
[SourceQuality "1"]
[TimeControl "5400+30"]

1. d4 Nf6 2. c4 e6 3. Nf3 b6 4. g3 Bb7 5. Bg2 Be7 6. O-O O-O 7. Nc3 Ne4 8. Nxe4 Bxe4 9. b3 d5 10. Bb2 Nd7 11. Rc1 a5 12. cxd5 exd5 13. Ne5 Nxe5 14. Bxe4 dxe4 15. dxe5 e3 16. f4 Bc5 17. Qc2 Qd2 18. Bc3 Qxc2 19. Rxc2 Rfd8 20. Kg2 Rd5 21. Kf3 Rad8 22. g4 Kf8 23. h4 g6 24. Rh1 Ke7 25. h5 gxh5 26. gxh5 Rg8 27. Rcc1 h6 28. Rhg1 Rgd8 29. Rc2 Kf8 30. Ke4 R8d7 31. Kf3 Be7 32. Re1 Bc5 33. Rg1 Ba3 34. Rf1 Rc5 35. Kxe3 b5 36. e6 fxe6 37. Rg1 b4 38. Bg7+ Rxg7 39. Rxg7 Rxc2 40. Rh7 Bc1+ 41. Kf3 Rxa2 42. Rxc7 Bb2 43. Rc2 a4 44. bxa4 Ra3+ 45. Kg4 Bc3 46. e4 Rxa4 47. f5 exf5+ 48. Kxf5 Ra5+ 49. Kg6 Rb5 50. Rf2+ Ke7 0-1

[Event "Moscow ch-T 2018"]
[Site "Moscow"]
[Date "2018.09.27"]
[Round "5"]
[White "Dvalishvili, Pavel S."]
[Black "Maltsevskaya, Aleksandra"]
[Result "0-1"]
[ECO "B11"]
[WhiteElo "2408"]
[BlackElo "2234"]
[Annotator "ChessBase"]
[PlyCount "105"]
[EventDate "2018.09.20"]
[EventType "team-tourn"]
[EventCountry "RUS"]
[SourceTitle "playchess.com"]
[Source "ChessBase"]
[SourceQuality "1"]
[TimeControl "5400+30"]

1. e4 c6 2. Nc3 d5 3. Nf3 Bg4 4. h3 Bxf3 5. Qxf3 e6 6. a3 Nf6 7. d3 Nbd7 8. Qe2 Qc7 9. g3 Bc5 10. Bg2 O-O 11. Bf4 Qb6 12. Nd1 e5 13. Bd2 Qa6 14. b4 Be7 15. Ne3 c5 16. Nf5 Rfe8 17. exd5 Bf8 18. O-O e4 19. b5 Qxb5 20. c4 Qa6 21. dxe4 Nxd5 22. Nh6+ gxh6 23. Qg4+ Bg7 24. cxd5 Ne5 25. Qd1 Nc4 26. Ra2 b5 27. Bc1 Rab8 28. Qc2 Qg6 29. Kh2 Nd6 30. Qxc5 Nxe4 31. Qxa7 Nc3 32. Rd2 Qd6 33. Rd3 Qg6 34. Re3 Red8 35. Bd2 Ra8 36. Qc5 Rac8 37. Qe7 Bf8 38. Qb7 Rb8 39. Qa7 Ra8 40. Qd4 Bg7 41. Qd3 Rxa3 42. Rfe1 Qxd3 43. Rxd3 b4 44. d6 Nb1 45. Rxa3 bxa3 46. Ba5 Rxd6 47. Rxb1 Bb2 48. Bb4 a2 49. Rxb2 a1=Q 50. Bc3 Rd8 51. Rd2 Qxc3 52. Rxd8+ Kg7 53. Rd5 0-1

[Event "Moscow ch-T 2018"]
[Site "Moscow"]
[Date "2018.09.27"]
[Round "5"]
[White "Gorbatov, Alexej"]
[Black "Obolentseva, Alexandra"]
[Result "1-0"]
[ECO "A05"]
[WhiteElo "2389"]
[BlackElo "2298"]
[Annotator "ChessBase"]
[PlyCount "79"]
[EventDate "2018.09.20"]
[EventType "team-tourn"]
[EventCountry "RUS"]
[SourceTitle "playchess.com"]
[Source "ChessBase"]
[SourceQuality "1"]
[TimeControl "5400+30"]

1. Nf3 Nf6 2. b3 d5 3. Bb2 g6 4. e3 Bg7 5. c4 O-O 6. cxd5 Qxd5 7. Bc4 Qf5 8. O-O c5 9. d4 Nc6 10. Qe2 cxd4 11. exd4 Nd5 12. Nbd2 Nf4 13. Qe3 Bh6 14. Kh1 b5 15. d5 bxc4 16. dxc6 c3 17. Qxc3 f6 18. Nc4 Qh5 19. Rfe1 Be6 20. Nd4 Bd5 21. f3 e5 22. Ne2 Nxe2 23. Rxe2 Bf4 24. h3 e4 25. fxe4 Qxe2 26. exd5 Rae8 27. Ba3 Rf7 28. d6 Qe6 29. d7 Rd8 30. Qf3 g5 31. Rd1 h5 32. Qd5 Qxd5 33. Rxd5 Bc7 34. Bd6 Rdxd7 35. cxd7 Rxd7 36. g4 hxg4 37. hxg4 Kf7 38. Rd2 Bxd6 39. Rxd6 Re7 40. Ra6 1-0

[Event "Moscow ch-T 2018"]
[Site "Moscow"]
[Date "2018.09.27"]
[Round "5"]
[White "Makarian Rudik, Botvinnik CS"]
[Black "Pogosyan, Stefan"]
[Result "0-1"]
[ECO "C24"]
[WhiteElo "2364"]
[BlackElo "2373"]
[Annotator "RC"]
[PlyCount "150"]
[EventDate "2018.09.20"]
[EventType "team-tourn"]
[EventCountry "RUS"]
[SourceTitle "playchess.com"]
[Source "ChessBase"]
[SourceQuality "1"]
[TimeControl "5400+30"]

1. e4 e5 2. Bc4 Nf6 3. d3 c6 4. Nf3 d5 5. Bb3 Bb4+ 6. Bd2 Bd6 7. exd5 Nxd5 8. O-O O-O 9. Nc3 Nf4 10. Ne4 Bg4 11. Bc3 Ng6 12. h3 Bf5 13. Ng3 Qf6 14. d4 Nd7 15. dxe5 Ndxe5 16. Nd4 Bxh3 17. gxh3 Nf4 18. Ndf5 Bc7 19. Kh1 h5 20. Qd4 Qg5 21. Bd2 Nf3 22. Bxf4 Bxf4 23. Qd3 Ne5 24. Qe4 Ng6 25. Nd4 h4 26. Nf3 Qh6 27. Nf5 Qh5 28. Ne7+ Kh7 29. Nxg6 fxg6 30. Nd4 Be5 31. Ne6 Rf5 32. Qg4 Qh6 33. f4 Bxb2 34. Rad1 Bf6 35. Rd7 b5 36. Rg1 Re8 37. c3 Qh5 38. Qxh5+ Rxh5 39. Re1 Kh6 40. c4 a5 41. a4 bxc4 42. Bxc4 Rc5 43. Bd3 Rc3 44. f5 c5 45. Rg1 g5 46. Kg2 c4 47. Be4 Rb8 48. Rb7 Rxb7 49. Bxb7 Rg3+ 50. Kh2 Ra3 51. Rc1 Rxa4 52. Bd5 c3 53. Nc5 Rd4 54. Bb3 Rd2+ 55. Kh1 Re2 56. Rd1 Re3 57. Rd3 Re1+ 58. Kg2 c2 59. Bxc2 Re2+ 60. Kf3 Rxc2 61. Ne4 Rc6 62. Ra3 Ra6 63. Ra4 Be7 64. Kg4 g6 65. Rc4 a4 66. Rc7 gxf5+ 67. Kxf5 a3 68. Rxe7 Ra5+ 69. Kf6 a2 70. Re6 Kh5 71. Kf7 Ra7+ 72. Kg8 a1=Q 73. Nf6+ Kg6 74. Nh5+ Kxh5 75. Rh6+ Kxh6 0-1

[Event "Moscow ch-T 2018"]
[Site "Moscow"]
[Date "2018.09.27"]
[Round "5"]
[White "Pavlov, Danila"]
[Black "Krylov, Mikhail"]
[Result "1/2-1/2"]
[ECO "C68"]
[WhiteElo "2312"]
[BlackElo "2476"]
[Annotator "RC"]
[PlyCount "55"]
[EventDate "2018.09.20"]
[EventType "team-tourn"]
[EventCountry "RUS"]
[TimeControl "5400+30"]

1. e4 e5 2. Nf3 Nc6 3. Bb5 a6 4. Bxc6 dxc6 5. O-O Bg4 6. h3 h5 7. d3 Qf6 8. Be3 Bxf3 9. Qxf3 Qxf3 10. gxf3 Bd6 11. Nd2 f5 12. Nc4 f4 13. Bd2 Ne7 14. Rfd1 g5 15. Bc3 Ng6 16. d4 exd4 17. Bxd4 Rg8 18. Kf1 Kf7 19. Rd3 Ke6 20. Rad1 Be7 21. Na5 c5 22. Bc3 b5 23. b3 Rab8 24. Rd7 Rbd8 25. Rxd8 Rxd8 26. Rxd8 Bxd8 27. Nc6 Be7 28. Ke2 {[%emt 0:13:13] Ke5 [%clk 0:08:54]} 1/2-1/2

[Event "Moscow ch-T 2018"]
[Site "Moscow"]
[Date "2018.09.27"]
[Round "5"]
[White "Dudin, Gleb"]
[Black "Krylov, Aleksey"]
[Result "1/2-1/2"]
[ECO "A11"]
[WhiteElo "2208"]
[BlackElo "2229"]
[Annotator "ChessBase"]
[PlyCount "149"]
[EventDate "2018.09.20"]
[EventType "team-tourn"]
[EventCountry "RUS"]
[SourceTitle "playchess.com"]
[Source "ChessBase"]
[SourceQuality "1"]
[TimeControl "5400+30"]

1. c4 c6 2. Nf3 Nf6 3. Nc3 d5 4. e3 e6 5. b3 Nbd7 6. Bb2 Bd6 7. Be2 Qe7 8. a3 O-O 9. Qc2 a6 10. O-O e5 11. d3 Re8 12. b4 Nf8 13. c5 Bc7 14. e4 Ng6 15. Rfe1 Be6 16. Bf1 d4 17. Ne2 Nh5 18. Ng3 Nhf4 19. Nd2 Qd7 20. Nc4 h5 21. Bc1 h4 22. Nh1 Bxc4 23. Qxc4 Qg4 24. g3 Nh3+ 25. Bxh3 Qxh3 26. f3 hxg3 27. hxg3 Re6 28. Ra2 Rf6 29. Rh2 Qe6 30. Qxe6 fxe6 31. Rf1 a5 32. b5 cxb5 33. Rb2 b4 34. axb4 b6 35. cxb6 Bxb6 36. Bg5 Rff8 37. bxa5 Bxa5 38. Kg2 Rfb8 39. Rc2 Rc8 40. Rfc1 Rxc2+ 41. Rxc2 Bb4 42. Nf2 Ra3 43. Bd2 Be7 44. Kf1 Nf8 45. Ke2 Kf7 46. Ng4 Nd7 47. Rc7 Ke8 48. Rc8+ Kf7 49. Rc7 Ke8 50. Rc8+ Kf7 51. Rc2 Bd6 52. Bc1 Rb3 53. Rb2 Nc5 54. Rxb3 Nxb3 55. Bg5 Ke8 56. Kd1 Kd7 57. Kc2 Nc5 58. Bd2 Kc6 59. Ba5 Nb7 60. Bd2 Kb5 61. Nf2 Nd8 62. Nd1 Nc6 63. Nb2 Ba3 64. Nc4 Be7 65. Be1 Kc5 66. Kd2 Bd8 67. Ke2 Bc7 68. Bd2 Kb5 69. Kd1 Ka4 70. Kc2 Nb4+ 71. Bxb4 Kxb4 72. Kb2 Ka4 73. Kc2 Kb4 74. Kb2 Ka4 75. Kc2 1/2-1/2

[Event "Moscow ch-T 2018"]
[Site "Moscow"]
[Date "2018.09.29"]
[Round "6"]
[White "Tsoi, Vladislav"]
[Black "Mayorov, Vasili"]
[Result "0-1"]
[ECO "B10"]
[WhiteElo "2079"]
[BlackElo "2026"]
[Annotator "NA RC"]
[PlyCount "72"]
[EventDate "2018.09.20"]
[EventType "team-tourn"]
[EventCountry "RUS"]
[SourceTitle "playchess.com"]
[Source "ChessBase"]
[SourceQuality "1"]
[TimeControl "5400+30"]

1. e4 c6 2. d3 d5 3. Nd2 g6 4. g3 Bg7 5. Bg2 Nf6 6. Ngf3 O-O 7. O-O Nbd7 8. e5 {[%emt 0:03:56] A07: Réti Opening: New York and Capablanca Systems} Ng4 9. e6 $146 ({Predecessor:} 9. d4 f6 10. h3 Nh6 11. exf6 Bxf6 12. Qe2 Nf7 13. c3 Re8 14. Nb3 a5 15. Bf4 a4 {0-1 (50) Radu,C (2026)-Manolache,M (2527) Eforie Nord 2010}) 9... fxe6 10. Ng5 Ndf6 11. h3 Nh6 12. Ndf3 Nf7 13. h4 Nxg5 14. hxg5 Nd7 15. Bh3 {[%emt 0:05:40] [#]} e5 $1 16. Qe2 Qc7 17. Kg2 Nc5 18. Rh1 (18. Bxc8 $17 Raxc8 19. Be3) 18... Bxh3+ 19. Rxh3 Rf7 20. Nh2 Ne6 21. Qg4 (21. Be3 $17) 21... Nd4 22. Bd2 Raf8 23. f4 (23. Rf1 {was worth a try.}) 23... exf4 24. gxf4 e5 25. Rh1 exf4 26. Rxh7 Kxh7 27. Qh4+ Kg8 28. Ng4 Re8 29. Qh7+ Kf8 30. Nh6 f3+ 31. Kf1 Bxh6 32. Qxh6+ Rg7 33. Qh4 Qe5 34. Bb4+ Kf7 $19 35. Rh2 Nf5 36. Qh3 Qg3 0-1

[Event "Moscow ch-T 2018"]
[Site "Moscow"]
[Date "2018.09.30"]
[Round "7"]
[White "Saulin, Dmitri"]
[Black "Makarian, Rudik"]
[Result "0-1"]
[ECO "E01"]
[WhiteElo "2369"]
[BlackElo "2361"]
[Annotator "NA"]
[PlyCount "54"]
[EventDate "2018.09.20"]
[EventType "team-tourn"]
[EventCountry "RUS"]
[SourceTitle "playchess.com"]
[Source "ChessBase"]
[SourceQuality "1"]
[TimeControl "5400+30"]

1. d4 Nf6 2. c4 e6 3. g3 d5 4. Bg2 Bb4+ 5. Bd2 Be7 6. Nf3 O-O 7. O-O Nbd7 8. Qc2 c6 9. a4 a5 10. Rc1 Ne4 11. Be1 f5 12. e3 Bd6 13. Nbd2 g5 14. Nxe4 fxe4 15. Nd2 g4 16. Nb1 Nf6 17. Nc3 h5 18. Ne2 Nh7 19. Nf4 Ng5 20. b4 Nf3+ 21. Bxf3 gxf3 22. h4 Qd7 23. Bd2 Bxf4 24. exf4 e5 25. Qd1 exf4 26. cxd5 fxg3 27. Be3 Qh3 0-1

[Event "Moscow ch-T 2018"]
[Site "Moscow"]
[Date "2018.09.30"]
[Round "7"]
[White "Pavlov, Danila"]
[Black "Kovtunenko, Alexandr"]
[Result "1-0"]
[ECO "B75"]
[WhiteElo "2318"]
[BlackElo "2139"]
[Annotator "NA"]
[PlyCount "63"]
[EventDate "2018.09.20"]
[EventType "team-tourn"]
[EventCountry "RUS"]
[SourceTitle "playchess.com"]
[Source "ChessBase"]
[SourceQuality "1"]
[TimeControl "5400+30"]

1. e4 c5 2. Nf3 d6 3. d4 cxd4 4. Nxd4 Nf6 5. Nc3 g6 6. Be3 Bg7 7. f3 Nc6 8. Qd2 h5 9. O-O-O Bd7 10. h3 h4 11. f4 Rc8 12. Bd3 Qc7 13. Kb1 Qb8 14. Qf2 Nb4 15. Rhe1 Rxc3 16. bxc3 Na6 17. Nb3 Qc7 18. Bxa7 Qxc3 19. e5 dxe5 20. fxe5 Nh5 21. Bd4 Qc8 22. Qxh4 O-O 23. Rf1 Nb4 24. e6 Qa8 25. Bxg7 Qxa2+ 26. Kc1 Nxd3+ 27. Rxd3 Rc8 28. exf7+ Kh7 29. Bb2 Bb5 30. f8=Q Rxc2+ 31. Kxc2 Bxd3+ 32. Kc3 1-0

[Event "Moscow ch-T 2018"]
[Site "Moscow"]
[Date "2018.09.30"]
[Round "7"]
[White "Klukin, Kirill"]
[Black "Elishev, Ivan"]
[Result "1-0"]
[ECO "A48"]
[WhiteElo "2293"]
[BlackElo "2197"]
[Annotator "NA"]
[PlyCount "83"]
[EventDate "2018.09.20"]
[EventType "team-tourn"]
[EventCountry "RUS"]
[SourceTitle "playchess.com"]
[Source "ChessBase"]
[SourceQuality "1"]
[TimeControl "5400+30"]

1. d4 Nf6 2. Nf3 g6 3. c4 Bg7 4. Nc3 d5 5. cxd5 Nxd5 6. Na4 O-O 7. e4 Nf6 8. Qc2 b6 9. Bf4 Bb7 10. Nc3 Nbd7 11. Rd1 e6 12. Bc4 Qe7 13. O-O a6 14. Rfe1 Rfc8 15. Bg5 h6 16. Bh4 g5 17. Bg3 b5 18. Bf1 Nh5 19. d5 e5 20. Ne2 c5 21. h4 Nf4 22. hxg5 hxg5 23. Bh2 Qf6 24. Ng3 Nf8 25. Nf5 N8g6 26. g3 g4 27. N3h4 Nxh4 28. Nxh4 Ng6 29. Nf5 Ne7 30. Ne3 Bh6 31. Nxg4 Qg7 32. Bh3 Bg5 33. Ne3 Qh6 34. Bxc8 Rxc8 35. d6 Nc6 36. Nf5 Qh3 37. d7 Rd8 38. Qxc5 Nd4 39. Nxd4 Qxd7 40. Qxe5 Bh6 41. Nf5 Qxd1 42. Nxh6+ 1-0

[Event "Moscow ch-T 2018"]
[Site "Moscow"]
[Date "2018.09.30"]
[Round "7"]
[White "Kulagin, Maxim"]
[Black "Dvalishvili, Pavel S."]
[Result "1-0"]
[ECO "B22"]
[WhiteElo "2274"]
[BlackElo "2408"]
[Annotator "NA"]
[PlyCount "45"]
[EventDate "2018.09.20"]
[EventType "team-tourn"]
[EventCountry "RUS"]
[SourceTitle "playchess.com"]
[Source "ChessBase"]
[SourceQuality "1"]
[TimeControl "5400+30"]

1. e4 c5 2. c3 g6 3. d4 Qc7 4. Nf3 Bg7 5. Be3 d6 6. h3 Nd7 7. Bd3 Ngf6 8. O-O O-O 9. Re1 b6 10. Nbd2 Bb7 11. a4 a6 12. Qe2 Rfe8 13. Rac1 e5 14. d5 Nh5 15. g3 Nf8 16. Kh2 Bc8 17. Ng1 Nd7 18. b4 Bf8 19. b5 a5 20. Nc4 Ng7 21. Bh6 f5 22. Bxg7 fxe4 23. Bxf8 1-0

[Event "Moscow ch-T 2018"]
[Site "Moscow"]
[Date "2018.09.30"]
[Round "7"]
[White "Tsvetkov, Andrey"]
[Black "Komissarov, Alexey"]
[Result "1/2-1/2"]
[ECO "E91"]
[WhiteElo "2264"]
[BlackElo "2203"]
[Annotator "NA"]
[PlyCount "36"]
[EventDate "2018.09.20"]
[EventType "team-tourn"]
[EventCountry "RUS"]
[SourceTitle "playchess.com"]
[Source "ChessBase"]
[SourceQuality "1"]
[TimeControl "5400+30"]

1. d4 Nf6 2. c4 g6 3. Nc3 Bg7 4. e4 d6 5. Nf3 O-O 6. Be2 Na6 7. O-O e5 8. Be3 h6 9. dxe5 Ng4 10. Bd2 Nxe5 11. Nxe5 dxe5 12. Qc1 Qh4 13. Be3 c6 14. Rd1 Nc7 15. g3 Qh3 16. Bf1 Qh5 17. Be2 Qh3 18. Bf1 Qh5 1/2-1/2

[Event "Moscow ch-T 2018"]
[Site "Moscow"]
[Date "2018.09.30"]
[Round "7"]
[White "Antonov, Alexandr"]
[Black "Maltsevskaya, Aleksandra"]
[Result "1-0"]
[ECO "B40"]
[WhiteElo "2220"]
[BlackElo "2234"]
[Annotator "NA"]
[PlyCount "115"]
[EventDate "2018.09.20"]
[EventType "team-tourn"]
[EventCountry "RUS"]
[SourceTitle "playchess.com"]
[Source "ChessBase"]
[SourceQuality "1"]
[TimeControl "5400+30"]

1. e4 c5 2. Nf3 e6 3. b3 Nc6 4. Bb5 Nge7 5. Bb2 a6 6. Bxc6 bxc6 7. e5 Ng6 8. Na3 Be7 9. Nc4 O-O 10. h4 f5 11. g3 a5 12. a4 Ba6 13. h5 Nh8 14. d3 Nf7 15. Qd2 d5 16. exd6 Bf6 17. O-O-O Bxc4 18. dxc4 e5 19. Qe3 e4 20. Nd2 Bxb2+ 21. Kxb2 Qf6+ 22. Kb1 Rad8 23. Qxc5 Rxd6 24. Kc1 Rfd8 25. Nb1 Ne5 26. Rxd6 Rxd6 27. Qxa5 Ng4 28. Qe1 h6 29. Qe2 Kh7 30. f3 Qg5+ 31. Kb2 Nf6 32. g4 exf3 33. Qe5 Rd8 34. Qxf5+ Qxf5 35. gxf5 f2 36. Rf1 Ng4 37. Nc3 Re8 38. Nd1 Re1 39. Nxf2 Rxf1 40. Nxg4 Rxf5 41. b4 Rf4 42. Ne5 Re4 43. Nd3 Rxc4 44. Kb3 Re4 45. a5 g5 46. hxg6+ Kxg6 47. a6 h5 48. c4 h4 49. a7 Re8 50. b5 cxb5 51. cxb5 h3 52. Nf4+ Kf5 53. Nxh3 Re3+ 54. Kc4 Ra3 55. b6 Ra4+ 56. Kc5 Ra5+ 57. Kc6 Ke6 58. Kb7 1-0

[Event "Moscow ch-T 2018"]
[Site "Moscow"]
[Date "2018.09.30"]
[Round "7"]
[White "Voronkov, Denis"]
[Black "Dudin, Gleb"]
[Result "0-1"]
[ECO "A46"]
[WhiteElo "2180"]
[BlackElo "2208"]
[Annotator "NA"]
[PlyCount "138"]
[EventDate "2018.09.20"]
[EventType "team-tourn"]
[EventCountry "RUS"]
[SourceTitle "playchess.com"]
[Source "ChessBase"]
[SourceQuality "1"]
[TimeControl "5400+30"]

1. d4 Nf6 2. Nf3 e6 3. Bg5 b6 4. Nbd2 Bb7 5. e3 Be7 6. Bd3 c5 7. c3 d6 8. O-O Nbd7 9. Qe2 h6 10. Bh4 O-O 11. h3 Nh5 12. Bxe7 Qxe7 13. Be4 Bxe4 14. Nxe4 d5 15. Ne5 Nxe5 16. dxe5 dxe4 17. Qxh5 Qg5 18. Qxg5 hxg5 19. f4 exf3 20. Rxf3 Rad8 21. Rg3 g6 22. Rxg5 Kg7 23. Rf1 Rh8 24. Rf2 Rh4 25. Re2 Kh6 26. Rg3 Re4 27. Kf2 Rxe5 28. e4 Kg7 29. Rge3 Rh5 30. e5 Rd1 31. g4 Rh8 32. Kg2 Rhd8 33. h4 Ra1 34. a3 Rdd1 35. Kg3 Rg1+ 36. Kf4 Raf1+ 37. Rf3 Rd1 38. Re4 Rg2 39. b3 Rh2 40. Kg5 Ra2 41. a4 Rd5 42. c4 Rd7 43. Rg3 Rh2 44. Rf3 Rd8 45. Rf6 Rd4 46. Rxd4 cxd4 47. Rf3 Re2 48. Kf4 f6 49. exf6+ Kxf6 50. g5+ Kg7 51. Rd3 e5+ 52. Kf3 Re1 53. Kf2 Re4 54. Kg3 Kf7 55. Rf3+ Ke7 56. b4 Re1 57. Kf2 Re4 58. Kg3 Re2 59. h5 e4 60. Rf1 Re3+ 61. Kh4 gxh5 62. g6 Rf3 63. Rg1 Kf8 64. Kxh5 Kg7 65. Rg4 Rf5+ 66. Kh4 Re5 67. Rg1 e3 68. Kg3 d3 69. Kf4 e2 0-1

[Event "Moscow ch-T 2018"]
[Site "Moscow"]
[Date "2018.09.30"]
[Round "7"]
[White "Mayorov, Vasili"]
[Black "Chibukhchyan, Erik"]
[Result "1-0"]
[ECO "A16"]
[WhiteElo "2026"]
[BlackElo "2264"]
[Annotator "NA"]
[PlyCount "69"]
[EventDate "2018.09.20"]
[EventType "team-tourn"]
[EventCountry "RUS"]
[SourceTitle "playchess.com"]
[Source "ChessBase"]
[SourceQuality "1"]
[TimeControl "5400+30"]

1. c4 Nf6 2. Nc3 g6 3. g3 d5 4. cxd5 Nxd5 5. Bg2 Nb6 6. d3 Bg7 7. Be3 O-O 8. Qc1 Re8 9. Bh6 Bh8 10. Nf3 Nc6 11. h4 Nd4 12. h5 Nf5 13. hxg6 hxg6 14. Bd2 c6 15. Ne4 Nd7 16. Bc3 e5 17. g4 Nd4 18. Nd6 Nxf3+ 19. Bxf3 Bg7 20. Nxe8 Qxe8 21. Qg5 Nf8 22. Qh4 a5 23. Bd2 e4 24. Bxe4 Bxb2 25. Rc1 Bg7 26. Bc3 Bxc3+ 27. Rxc3 Qe5 28. Rc1 Be6 29. f4 Qb2 30. Kf2 Bxa2 31. f5 Qd4+ 32. Kg2 Bd5 33. Bxd5 Qxd5+ 34. e4 Qa2+ 35. Kf3 1-0